General information
- name: BNet
- type: Ladder team game (AT/RT)
- host: Battle.net
- saver: DanielCormier
map: MarketSquare
- players: 8
- length: 11:23
- speed: Fast
- version: 1.30 W3XP
- replay type: Public
» download(140 KB)
Players
team 1 (winner)
DanielCormier (
blue | 166 APM | 1887 actions | 11:23)
3 Far Seer
2 Feral Spirit
1 Chain Lighting
2 Shadow Hunter
1 Hex
1 Serpent Ward
» actions
| Assign group hotkey | 21 | |
| Basic commands | 131 | |
| Build / train | 27 | |
| ESC pressed | 1 | |
| Enter build submenu | 13 | |
| Enter hero's abilities submenu | 5 | |
| Right click | 677 | |
| Select / deselect | 402 | |
| Select group hotkey | 553 | |
| Use ability | 57 | |
1887 total
» units
» buildings
| Altar of Storms | 1 | |
| Orc Burrow | 5 | |
| Barracks | 1 | |
| Voodoo Lounge | 2 | |
| Stronghold | 1 | |
| Beastiary | 2 | |
| Fortress | 1 | |
| War Mill | 1 | |
14 total
» build order
00:04 Altar of Storms
00:06 Orc Burrow
00:26 Barracks
01:41 Orc Burrow
01:55 Voodoo Lounge
03:13 Stronghold
05:06 Orc Burrow
05:08 Orc Burrow
06:32 Beastiary
06:34 Beastiary
06:48 Voodoo Lounge
10:17 Orc Burrow
10:26 Fortress
11:03 War Mill
» items
| Healing Salve | 1 | |
| Lesser Clarity Potion | 1 | |
2 total
penetrater (
green | 103 APM | 1169 actions | 11:22)
6 Far Seer
3 Feral Spirit
3 Chain Lighting
» actions
| Assign group hotkey | 17 | |
| Basic commands | 21 | |
| Build / train | 36 | |
| ESC pressed | 1 | |
| Enter build submenu | 13 | |
| Enter hero's abilities submenu | 6 | |
| Right click | 500 | |
| Select / deselect | 161 | |
| Select group hotkey | 345 | |
| Use ability | 69 | |
1169 total
» units
| Peon | 12 | |
| Grunt | 4 | |
| Assassin | 2 | |
| Rogue | 2 | |
20 total
» upgrades
» buildings
| Altar of Storms | 1 | |
| Orc Burrow | 4 | |
| Barracks | 1 | |
| Voodoo Lounge | 1 | |
| Stronghold | 2 | |
| War Mill | 1 | |
| Watch Tower | 7 | |
| Fortress | 1 | |
18 total
» build order
00:32 Altar of Storms
00:36 Orc Burrow
01:10 Barracks
01:54 Orc Burrow
02:09 Voodoo Lounge
03:12 Orc Burrow
03:13 Orc Burrow
04:23 Stronghold
04:23 Stronghold
04:47 War Mill
06:39 Watch Tower
06:42 Watch Tower
06:43 Watch Tower
06:43 Watch Tower
09:11 Fortress
10:59 Watch Tower
11:00 Watch Tower
11:01 Watch Tower
» items
MATRE (
purple | 163 APM | 1852 actions | 11:22)
4 Death Knight
2 Death Coil
2 Unholy Aura
2 Lich
1 Frost Nova
1 Dark Ritual
1 Crypt Lord
1 Impale
» actions
| Assign group hotkey | 19 | |
| Basic commands | 20 | |
| Build / train | 45 | |
| Enter build submenu | 14 | |
| Enter hero's abilities submenu | 7 | |
| Right click | 841 | |
| Select / deselect | 152 | |
| Select group hotkey | 715 | |
| Use ability | 39 | |
1852 total
» units
| Acolyte | 2 | |
| Ghoul | 3 | |
| Crypt Fiend | 7 | |
| Frost Wyrm | 1 | |
13 total
» upgrades
| Creature Attack | 3 | |
| Web | 1 | |
| Burrow | 1 | |
5 total
» buildings
| Graveyard | 1 | |
| Crypt | 2 | |
| Altar of Darkness | 1 | |
| Ziggurat | 6 | |
| Tomb of Relics | 1 | |
| Halls of the Dead | 2 | |
| Black Citadel | 2 | |
| Sacrificial Pit | 1 | |
| Spirit Tower | 2 | |
| Boneyard | 2 | |
20 total
» build order
00:07 Graveyard
00:10 Crypt
00:11 Crypt
00:29 Altar of Darkness
00:48 Ziggurat
01:03 Tomb of Relics
01:51 Ziggurat
04:04 Halls of the Dead
04:05 Halls of the Dead
04:07 Ziggurat
05:43 Ziggurat
06:41 Black Citadel
06:41 Black Citadel
07:09 Sacrificial Pit
07:22 Spirit Tower
07:22 Spirit Tower
08:52 Ziggurat
08:53 Ziggurat
09:11 Boneyard
09:33 Boneyard
» items
| Rod of Necromancy | 2 | |
| Orb of Corruption | 1 | |
3 total
wackstrats (
orange | 89 APM | 1013 actions | 11:22)
3 Keeper of the Grove
1 Entangling Roots
2 Force of Nature
» actions
| Assign group hotkey | 21 | |
| Basic commands | 19 | |
| Build / train | 44 | |
| Enter build submenu | 12 | |
| Enter hero's abilities submenu | 3 | |
| Right click | 497 | |
| Select / deselect | 136 | |
| Select group hotkey | 243 | |
| Use ability | 38 | |
1013 total
» units
| Wisp | 13 | |
| Huntress | 11 | |
| Hippogryph | 4 | |
28 total
» upgrades
| Strength of the Moon | 2 | |
| Moon Armor | 2 | |
| Upgrade Moon Glaive | 1 | |
5 total
» buildings
| Altar of Elders | 1 | |
| Moon Well | 4 | |
| Hunter's Hall | 1 | |
| Ancient of War | 2 | |
| Tree of Ages | 2 | |
| Ancient of Wind | 3 | |
13 total
» build order
00:04 Altar of Elders
00:14 Moon Well
01:53 Hunter's Hall
01:55 Ancient of War
01:58 Ancient of War
02:08 Moon Well
02:28 Moon Well
04:43 Moon Well
07:29 Tree of Ages
07:30 Tree of Ages
10:00 Ancient of Wind
10:01 Ancient of Wind
10:03 Ancient of Wind
team 2 (loser)
XxLordDiabloxX (
pink | 42 APM | 350 actions | 08:23)
1 Archmage
1 Summon Water Elemental
» actions
| Assign group hotkey | 4 | |
| Build / train | 25 | |
| ESC pressed | 2 | |
| Enter build submenu | 13 | |
| Enter hero's abilities submenu | 1 | |
| Right click | 127 | |
| Select / deselect | 79 | |
| Select group hotkey | 80 | |
| Use ability | 19 | |
350 total
» units
» upgrades
» buildings
| Altar of Kings | 1 | |
| Lumber Mill | 1 | |
| Blacksmith | 1 | |
| Farm | 6 | |
| Barracks | 1 | |
| Keep | 1 | |
11 total
» build order
02:25 Altar of Kings
02:42 Lumber Mill
03:15 Blacksmith
03:22 Farm
04:02 Farm
04:25 Farm
04:29 Farm
04:53 Barracks
05:39 Farm
06:30 Farm
07:07 Keep
Oblong (
yellow | 120 APM | 994 actions | 08:18)
2 Goblin Tinker
1 Pocket Factory
1 Engineering Upgrade
» actions
| Assign group hotkey | 12 | |
| Basic commands | 21 | |
| Build / train | 33 | |
| Enter build submenu | 10 | |
| Enter hero's abilities submenu | 2 | |
| Remove unit from queue | 8 | |
| Right click | 622 | |
| Select / deselect | 173 | |
| Select group hotkey | 81 | |
| Use ability | 32 | |
994 total
» units
» buildings
| Moon Well | 3 | |
| Ancient of War | 3 | |
| Altar of Elders | 1 | |
| Tree of Life | 2 | |
| Tree of Ages | 3 | |
12 total
» build order
00:18 Moon Well
00:25 Ancient of War
01:01 Altar of Elders
01:48 Moon Well
03:18 Ancient of War
04:09 Tree of Life
04:22 Ancient of War
04:38 Tree of Ages
04:38 Tree of Ages
04:58 Moon Well
05:24 Tree of Life
NIGHTMARE3000 (
red | 37 APM | 418 actions | 11:22)
2 Archmage
1 Summon Water Elemental
1 Brilliance Aura
» actions
| Basic commands | 1 | |
| Build / train | 35 | |
| Enter build submenu | 24 | |
| Enter hero's abilities submenu | 2 | |
| Remove unit from queue | 2 | |
| Right click | 148 | |
| Select / deselect | 167 | |
| Use ability | 39 | |
418 total
» units
| Peasant | 10 | |
| Gryphon Rider | 3 | |
| Footman | 4 | |
17 total
» upgrades
| Lumber Harvesting | 3 | |
| Swords | 2 | |
| Masonry | 3 | |
8 total
» buildings
| Farm | 11 | |
| Altar of Kings | 1 | |
| Barracks | 1 | |
| Keep | 1 | |
| Lumber Mill | 1 | |
| Blacksmith | 1 | |
| Arcane Vault | 1 | |
| Castle | 1 | |
| Scout Tower | 3 | |
| Guard Tower | 3 | |
| Gryphon Aviary | 3 | |
27 total
» build order
00:16 Farm
00:38 Altar of Kings
00:55 Farm
00:57 Farm
02:03 Farm
02:52 Barracks
02:59 Keep
03:18 Farm
04:23 Lumber Mill
04:35 Blacksmith
04:38 Farm
05:03 Arcane Vault
05:26 Farm
05:27 Castle
06:14 Scout Tower
06:16 Scout Tower
06:42 Guard Tower
06:47 Farm
06:49 Farm
06:51 Guard Tower
06:54 Gryphon Aviary
06:57 Gryphon Aviary
07:30 Farm
08:25 Gryphon Aviary
08:39 Scout Tower
09:14 Guard Tower
09:49 Farm

»
pAtouLe (
teal | 104 APM | 870 actions | 08:21)
1 Archmage
1 Blizzard
» actions
| Assign group hotkey | 34 | |
| Basic commands | 16 | |
| Build / train | 36 | |
| Enter build submenu | 15 | |
| Enter hero's abilities submenu | 1 | |
| Right click | 442 | |
| Select / deselect | 90 | |
| Select group hotkey | 204 | |
| Use ability | 32 | |
870 total
» units
» buildings
| Altar of Kings | 1 | |
| Farm | 4 | |
| Barracks | 1 | |
| Scout Tower | 7 | |
| Arcane Tower | 3 | |
| Lumber Mill | 1 | |
| Keep | 1 | |
| Guard Tower | 3 | |
| Arcane Vault | 1 | |
22 total
» build order
00:12 Altar of Kings
00:21 Farm
00:37 Barracks
00:51 Farm
01:36 Farm
01:53 Scout Tower
02:05 Scout Tower
02:11 Farm
03:08 Arcane Tower
03:12 Lumber Mill
05:18 Scout Tower
05:20 Scout Tower
05:34 Scout Tower
06:16 Keep
06:17 Arcane Tower
06:18 Guard Tower
06:20 Arcane Tower
06:31 Arcane Vault
06:57 Scout Tower
07:01 Scout Tower
07:47 Guard Tower
07:48 Guard Tower
» items
| Lesser Clarity Potion | 1 | |
| Scroll of Regeneration | 1 | |
2 total
Chat log
(00:24 / Allies) MATRE: rush hard?
(01:24 / Allies) wackstrats: where we rush?
(01:47 / Allies) penetrater: we ll koreans here
(02:55 / Allies) MATRE: omw
(03:22 / Allies) wackstrats: hes got no aow
(06:02 / Allies) penetrater: sec
(06:09 / Allies) MATRE: owm
(06:49 / Allies) MATRE: do mnid
(06:52 / Allies) MATRE: all
(06:53 / Allies) MATRE: goog
(07:53 / Allies) penetrater: tp
(08:24 / Allies) DanielCormier: its a am
(08:25 / All) wackstrats: ggs
(08:28 / All) wackstrats: clan rage
(08:30 / All) penetrater: gj red
(08:59 / Allies) penetrater: omg
(09:00 / Allies) penetrater: oj
(09:02 / Allies) penetrater: useless
(09:03 / Allies) penetrater: wrong way
(09:05 / Allies) wackstrats: i have hunts
(09:11 / Allies) wackstrats: im not going into mass air and tower
(09:24 / Allies) penetrater: dumbass
(09:31 / Allies) wackstrats: rofl i took out yellow by myself
(09:33 / Allies) wackstrats: suck a dick
(09:34 / Allies) wackstrats: faggot
(09:37 / Allies) penetrater: does nothing
(09:41 / Allies) penetrater: go tp
(09:42 / Allies) penetrater: do something
(10:08 / Allies) penetrater: go idiot
(10:08 / Allies) penetrater: wtf
(10:13 / Allies) penetrater: 10 iq
(10:14 / Allies) wackstrats: lol
(10:15 / Allies) wackstrats: afk
(11:13 / All) penetrater: 100% useless all game
(11:17 / Allies) MATRE: what
(11:19 / Allies) MATRE: he was
(11:21 / Allies) MATRE: so usefull